 Dungeon Crawl Stone Soup version 0.31-a0-174-g85c54bcb58 (webtiles) character file.

Game seed: 11764279592422128800

634 mandarbmax the Skirmisher (level 7, -25/46 (51) HPs)
             Began as a Formicid Hunter on June 15, 2023.
             Killed by an exploding quokka (43 damage)
             ... ignited by their inner flame
             ... on level 5 of the Dungeon.
             The game lasted 00:10:15 (2949 turns).

mandarbmax the Skirmisher (Formicid Hunter)         Turns: 2949, Time: 00:10:16

HP:   -25/46 (51)   AC:  6    Str: 16    XL:     7   Next: 79%
MP:   7/7           EV: 12    Int:  8    God:
Gold: 194           SH:  0    Dex: 19    Spells: 6/6 levels left

rFire   . . .        a - +0 shortbow
rCold   . . .        (no shield)
rNeg    . . .        c - +0 leather armour
rPois   .            (helmet unavailable)
rElec   .            e - +2 cloak
rCorr   .            (no gloves)
SInv    +            (no boots)
Will    .....        (no amulet)
Stlth   ++           (no ring)
HPRegen 0.27/turn    (no ring)
MPRegen 0.10/turn

%: no passive effects
@: drained
A: permanent stasis, dig shafts and tunnels, antennae 3, four strong arms
a: Dig, Shaft Self


You were on level 5 of the Dungeon.
You visited 1 branch of the dungeon, and saw 5 of its levels.

You collected 194 gold pieces.

Inventory:

Hand Weapons
 a - a +0 shortbow (weapon)
Armour
 c - a +0 leather armour (worn)
 e - a +2 cloak (worn)
Jewellery
 o - a ring of fire
Scrolls
 b - a scroll of butterflies
 d - 2 scrolls of fog
 k - a scroll of fear {unknown}
 n - a scroll of enchant armour {unknown}
Potions
 l - 3 potions of haste
 m - 2 potions of mutation


   Skills:
 + Level 2.6 Fighting
 * Level 8.7 Ranged Weapons
 - Level 2.0 Dodging
 - Level 1.2 Stealth


You had 6 spell levels left.
You didn't know any spells.
Your spell library contained the following spells:

 Spells                   Type           Power      Damage    Failure   Level
 Magic Dart               Conj           0%         1d3       47%         1
 Searing Ray              Conj           0%         2d4       63%         2
 Fulminant Prism          Conj/Hex       0%         3d5       99%         4


Dungeon Overview and Level Annotations

Branches:
Dungeon (4/15)
 Temple: D:4-7

Altars:
Nemelex Xobeh

Annotations:
D:2 1 runed translucent door, Crazy Yiuf


Innate Abilities, Weirdness & Mutations

You cannot be hasted, slowed, berserked, paralysed or teleported.
You can dig through walls and to a lower floor.
You have a pair of large antennae on your head. (SInv)
Your four strong arms can wield two-handed weapons with a shield.


Message History

The yak bellows!
A yak comes into view.
The yak bellows!
You hear a bellow!
A quokka comes into view.
A yak comes into view.
A yak comes into view.
Found a stone staircase leading up.
The yak bellows!
A yak comes into view.
The yak bellows!
The quokka bites you but does no damage.
The quokka bites you but does no damage.
The yak bellows!
The quokka misses you. The quokka closely misses you.
The quokka barely misses you.
Unknown command.
The quokka attacks as you move away! The quokka closely misses you.
The quokka attacks as you move away! The quokka closely misses you.
The orc shouts!
The quokka attacks as you move away! The quokka closely misses you.
The quokka barely misses you.
Really read the scroll of immolation?
As you read the scroll of immolation, it crumbles to dust.
The creatures around you are filled with an inner flame!
The quokka barely misses you.
Unknown command.
Fire: a) +0 shortbow
Press: ? - help, Q - select action, (/) - cycle Shift-Dir - straight line, f - quokka
Aim: a quokka (inner flame, 57% to hit)
You shoot an arrow. The arrow hits the quokka.
Flame seeps out of the quokka.
The quokka is severely wounded.
The quokka is engulfed in blazing flames.
The quokka explodes!
The fiery explosion engulfs the ogre!!
Flame seeps out of the ogre.
The ogre is almost dead.
The fiery explosion engulfs the yak!!
Flame seeps out of the yak.
The yak is severely wounded.
The fiery explosion engulfs you!!!
Ouch! That really hurt!
You die...

.....>..#####{.........
o..§####o§§§##.....#..
......§§.§§§...........
.o...§§§{..##Y......##
.o.##.§§?...Y......##
.. #§.####.YY.....# #..
#§Y####..# #.. #O○# .##
#.. #§@# .. { #..# . {
#... #.... { ...### {
+.⌠.# #...# #..##


You could see 5 yaks and an ogre (inner flame).

Vanquished Creatures
  Grinder (D:4)
  2 scorpions (D:3)
  A wight (D:4)
  Natasha (thrice) (D:2)
  A sleepcap (D:4)
  An orc wizard (D:3)
  5 adders (D:2)
  A white imp (D:3)
  3 worms
  A dart slug (D:1)
  4 orcs (D:3)
  6 endoplasms
  2 giant cockroaches (D:1)
  13 goblins
  7 hobgoblins
  3 jackals (D:1)
  6 quokkas
  5 ball pythons
  10 bats
  4 frilled lizards
  5 kobolds
  5 rats
89 creatures vanquished.

Notes
Turn   | Place    | Note
-------+----------+-------------------------------------------
     0 | D:1      | mandarbmax the Formicid Hunter began the quest for the Orb.
     0 | D:1      | Reached XP level 1. HP: 16/16 MP: 1/1
    95 | D:1      | Reached XP level 2. HP: 16/22 MP: 2/2
   230 | D:1      | Found a faded altar of an unknown god.
   520 | D:1      | Reached XP level 3. HP: 27/27 MP: 3/3
   824 | D:2      | Reached skill level 5 in Ranged Weapons
   990 | D:2      | Reached XP level 4. HP: 32/33 MP: 4/4
  1097 | D:2      | Noticed Natasha
  1102 | D:2      | Killed Natasha
  1144 | D:2      | Reached XP level 5. HP: 35/38 MP: 5/5
  1156 | D:2      | You fall into a shaft and drop 1 floor!
  1309 | D:3      | Reached skill level 6 in Ranged Weapons
  1562 | D:3      | Reached XP level 6. HP: 29/44 MP: 6/6
  1730 | D:2      | Noticed Natasha
  1733 | D:2      | Killed Natasha
  1734 | D:2      | Reached skill level 7 in Ranged Weapons
  1882 | D:2      | Found a runed translucent door.
  1883 | D:2      | Noticed Crazy Yiuf
  1965 | D:2      | Noticed Natasha
  1971 | D:2      | Killed Natasha
  2145 | D:2      | Found a sparkling altar of Nemelex Xobeh.
  2551 | D:4      | Noticed Grinder
  2704 | D:4      | Killed Grinder
  2705 | D:4      | Reached skill level 8 in Ranged Weapons
  2705 | D:4      | Reached XP level 7. HP: 41/50 MP: 7/7
  2917 | D:4      | You fall into a shaft and drop 1 floor!
  2917 | D:5      | Entered Level 5 of the Dungeon
  2935 | D:5      | Noticed a yak
  2935 | D:5      | Noticed a yak
  2935 | D:5      | Noticed a yak
  2936 | D:5      | Noticed a yak
  2937 | D:5      | Noticed a yak
  2938 | D:5      | Noticed a yak
  2949 | D:5      | Killed by an exploding quokka... ignited by their inner
                  | flame

Illustrated notes

Levels and vault maps discovered:
D:1:      lightli_arrival_statue_moat, layout_basic,
          chequers_ecumenical_altar_island, minmay_split_cup_small
D:2:      layout_basic, basic_altar, minmay_heptomino_w4,
          uniq_crazy_yiuf_cottage, uniq_natasha
D:3:      layout_loops_ring, minmay_surrounded
D:4:      layout_rooms, nicolae_concentric_dashed_squares_mild,
          kennysheep_generic_room_14, uniq_robin, uniq_grinder, uniq_menkaure
D:5:      corexii_shack_village, layout_rooms, minmay_temple_entry_grid,
          gup_sewer_entry_glass, uniq_edmund

Skill      XL: |  1  2  3  4  5  6 |
---------------+-------------------+-----
Dodging        | 2 |  2.0
Ranged Weapons | 5 6 8 |  8.7
Fighting       | |  2.6
Stealth        | |  1.2

Action                     |  1- 3 |  4- 6 |  7- 9 || total
---------------------------+-------+-------+-------++-------
   Fire: Shortbow          |    95 |   213 |    67 ||   375
Ability: Dig               |       |     3 |     2 ||     5
         Shaft Self        |       |     1 |     1 ||     2
    Use: Scroll            |       |       |     8 ||     8
 Armour: Leather armour    |    15 |    43 |     9 ||    67
  Dodge: Dodged            |    38 |    64 |    25 ||   127

Table legend: (Time is in decaauts)
 A = Elapsed time spent in this place.
 B = Non-inter-level travel time spent in this place.
 C = Inter-level travel time spent in this place.
 D = Time resting spent in this place.
 E = Time spent auto-exploring this place.
 F = Levels seen in this place.
 G = Mean time per level.
                   A        B        C        D        E       F      G
               +--------+--------+--------+--------+--------+-----+--------+
         Total |   2996 |   2850 |    146 |     65 |   2086 |   5 |  599.2 |
       Dungeon |   2996 |   2850 |    146 |     65 |   2086 |   5 |  599.2 |
               +--------+--------+--------+--------+--------+-----+--------+

Top non-repeatable levels by time:
     D:2: 997 daAuts
     D:3: 854 daAuts
     D:1: 790 daAuts
     D:4: 323 daAuts
     D:5: 31 daAuts
